 Dungeon Crawl Stone Soup version 0.29-a0-341-g24ffce5b50 (console) character file.

Game seed: 786353896329818687

3120 mylira the Cleaver (level 9, 0/69 HPs)
             Began as a Mummy Wanderer on Apr 20, 2022.
             Was an Initiate of Gozag.
             Slain by a human
             ... wielding a +1 vorpal hand axe
              (2 damage)
             ... in a bailey.
             The game lasted 00:16:31 (8682 turns).

mylira the Cleaver (Mummy Wanderer)                 Turns: 8682, Time: 00:16:31

Health: 0/69       AC: 14    Str: 17    XL:     9   Next: 60%
Magic:  11/11      EV:  5    Int: 10    God:    Gozag
Gold:   292        SH:  0    Dex: 15    Spells: 10/10 levels left

rFire   x . .      SeeInvis .   h - +0 broad axe
rCold   + . .      Faith    .   (no shield)
rNeg    + + +      Spirit   .   f - +0 plate armour
rPois   ∞          Reflect  .   m - +0 helmet
rElec   .          Harm     .   p - +0 cloak
rCorr   .          Rampage  .   i - +0 pair of gloves
Will    +....                   (no boots)
Stlth   ..........              (no amulet)
HPRegen 0.21/turn               (no ring)
MPRegen 0.12/turn               (no ring)

@: mighty, brilliant, gold aura, studying Bows
A: cold resistance 1, negative energy resistance 3, torment resistance 2, heat
vulnerability 1, in touch with death 1, no potions
a: Renounce Religion, Potion Petition, Call Merchant, Bribe Branch


You were in a bailey.
You worshipped Gozag.
Gozag was aware of your devotion.
You visited 1 branch of the dungeon, and saw 7 of its levels.
You also visited: Sewer and Bailey.

You collected 650 gold pieces.
You spent 90 gold pieces at shops.
You paid 268 gold pieces to Gozag.

Inventory:

Hand Weapons
 a - a +4 dagger of electrocution
 h - a +0 broad axe (weapon)
Missiles
 b - a curare-tipped dart
 j - 10 poisoned darts (quivered)
 n - a throwing net
 q - 3 datura-tipped darts
Armour
 f - a +0 plate armour (worn)
 i - a +0 pair of gloves (worn)
 m - a +0 helmet (worn)
 p - a +0 cloak (worn)
Jewellery
 l - an amulet of reflection
 o - a ring of ice
Scrolls
 c - 5 scrolls of teleportation
 d - a scroll of blinking
 e - 3 scrolls of enchant weapon
 g - 4 scrolls of identify
 k - a scroll of vulnerability
 r - a scroll of silence {unknown}
 s - a scroll of fear {unknown}


   Skills:
 - Level 6.0 Fighting
 + Level 9.8 Axes
 - Level 2.4 Throwing
 - Level 3.0 Armour
 - Level 1.0 Stealth
 - Level 1.3 Spellcasting
 - Level 1.0 Invocations
 - Level 1.0 Evocations


You had 10 spell levels left.
You didn't know any spells.
Your spell library contained the following spells:

 Spells                   Type           Power      Damage    Failure   Level
 Summon Small Mammal      Summ           4%         N/A       100%        1
 Call Canine Familiar     Summ           1%         N/A       100%        3
 Ignite Poison            Fire/Tmut/Pois 1%         N/A       100%        3
 Mephitic Cloud           Conj/Pois/Air  1%         N/A       100%        3
 Summon Guardian Golem    Hex/Summ       1%         N/A       100%        3
 Freezing Cloud           Conj/Ice/Air   0%         6-21      100%        5


Dungeon Overview and Level Annotations

Branches:
Dungeon (7/15)             Temple (0/1) D:7           Sewer (visited)
 Bailey (1/1)

Altars:
Dithmenos
Gozag
Nemelex Xobeh
Okawaru
Sif Muna
Xom

Shops:
D:6 !   D:7 (*

Annotations:
D:3 1 runed translucent door, pokeman's ghost, amateur DEWz
D:6 Pikel; Sigmund


Innate Abilities, Weirdness & Mutations

You are immune to poison.
Your flesh is cold resistant. (rC+)
You are immune to negative energy. (rN+++)
You are immune to unholy pain and torment.
You are vulnerable to heat. (rF-)
You are in touch with the powers of death.
You do not drink.


Message History

The bullfrog hits you.
* * * LOW HITPOINT WARNING * * *
The bullfrog hits you!
* * * LOW HITPOINT WARNING * * *
You hit the bullfrog.
You kill the bullfrog!
The bullfrog hits you but does no damage.
You hit the bullfrog.
The bullfrog is lightly wounded.
The bullfrog hits you.
* * * LOW HITPOINT WARNING * * *
The bullfrog barely misses you. [a] - 630 gold - brilliance, magic, resistance and invisibility [b] - 728 gold - resistance, invisibility and haste [c] - 208 gold - might and brilliance Purchase which effect?
You no longer have enough gold to petition Gozag for potion effects.
You feel very mighty all of a sudden.
You feel clever all of a sudden. The bullfrog barely misses you.
You slash the bullfrog!
The bullfrog is almost dead.
The bullfrog closely misses you. The bullfrog hits you.
* * * LOW HITPOINT WARNING * * *
Okay, then.
You closely miss the bullfrog.
The bullfrog is almost dead.
The bullfrog hits you.
* * * LOW HITPOINT WARNING * * *
The bullfrog hits you but does no damage.
Okay, then.
You slash the bullfrog!
You kill the bullfrog!
You hit the human.
The human is heavily wounded.
The human barely misses you. x2
You closely miss the human.
The human is heavily wounded.
The human hits you with a +1 vorpal hand axe.
You die...
Your body crumbles into a pile of gold.

### ..#
##+####..#
##≈≈≈##...#
#≈≈≈≈≈#...#
#≈≈≈≈≈#...##
#≈≈≈≈≈#....#
##≈≈#'#p#......
####..@##p...#
#.....# ####
#.∩.∩.# #.....#
##...## #####


You could see a human.

Vanquished Creatures
  A two-headed ogre (D:4)
  Grinder (D:6)
  A human (Bailey)
  A water moccasin (Sewer)
  2 ogres
  3 ice beasts
  2 lemures (D:6)
  4 phantoms
  5 bullfrogs
  A scorpion (D:4)
  8 wights (D:7)
  A jelly (D:6)
  A gnoll shaman (D:5)
  3 hounds
  An iguana (D:4)
  Ijyb (D:5)
  2 orc wizards
  8 adders
  14 gnolls
  3 ufetubi
  2 worms
  A dart slug (D:2)
  6 orcs
  4 endoplasms
  6 giant cockroaches
  5 goblins
  8 hobgoblins
  9 jackals
  4 quokkas
  5 ball pythons
  4 bats
  4 frilled lizards
  13 kobolds
  3 rats
137 creatures vanquished.

Notes
Turn   | Place    | Note
-------+----------+-------------------------------------------
     0 | D:1      | mylira the Mummy Wanderer began the quest for the Orb.
     0 | D:1      | mylira set off with the following items: a +3 dagger, a
                  | curare-tipped dart, a scroll of teleportation, a scroll of
                  | blinking, a +0 leather armour
     0 | D:1      | Reached XP level 1. HP: 16/16 MP: 2/2
   424 | D:1      | Found a faded altar of an unknown god.
   475 | D:1      | Reached XP level 2. HP: 22/23 MP: 4/4
  1022 | D:2      | Gained mutation: You are in touch with the powers of death.
                  | [Mummy growth]
  1022 | D:2      | Reached XP level 3. HP: 27/30 MP: 5/5
  1049 | D:2      | Found a shimmering blue altar of Sif Muna.
  1539 | D:2      | Reached XP level 4. HP: 37/38 MP: 6/6
  2133 | D:3      | Found a glowing drain.
  2181 | Sewer    | Entered a sewer
  2224 | Sewer    | Noticed a water moccasin
  2236 | Sewer    | Killed a water moccasin
  2237 | Sewer    | Reached skill level 5 in Fighting
  2237 | Sewer    | Reached XP level 5. HP: 25/45 MP: 7/7
  2488 | D:3      | Found a runed translucent door.
  2491 | D:3      | Noticed pokeman's ghost (amateur DEWz)
  2826 | D:3      | Found a shadowy altar of Dithmenos.
  2949 | D:3      | Noticed a phantom
  2953 | D:3      | Killed a phantom
  2954 | D:3      | Reached skill level 1 in Axes
  2954 | D:3      | Reached XP level 6. HP: 48/52 MP: 8/8
  3665 | D:4      | Reached skill level 2 in Axes
  3972 | D:4      | Reached XP level 7. HP: 57/58 MP: 9/9
  4002 | D:4      | Noticed a two-headed ogre
  4115 | D:5      | Entered Level 5 of the Dungeon
  4120 | D:5      | Found an opulent altar of Gozag.
  4132 | D:5      | Became a worshipper of Gozag Ym Sagoz the Greedy
  4184 | D:5      | Noticed Ijyb
  4219 | D:5      | Killed Ijyb
  4364 | D:5      | Reached skill level 3 in Axes
  4878 | D:5      | Found a sparkling altar of Nemelex Xobeh.
  4904 | D:5      | Found a shimmering altar of Xom.
  5411 | D:4      | Reached skill level 4 in Axes
  5806 | D:5      | Noticed Eustachio
  5928 | D:5      | Noticed Eustachio
  5928 | D:5      | Eustachio changed into Eustachio the gnoll
  5940 | D:5      | Killed Eustachio the gnoll
  6312 | D:6      | Reached skill level 5 in Axes
  6333 | D:6      | Reached XP level 8. HP: 37/64 MP: 10/10
  6571 | D:6      | Found Xaggar's Distillery.
  6731 | D:6      | Noticed Grinder
  6741 | D:6      | Killed Grinder
  6742 | D:6      | Reached skill level 6 in Axes
  6912 | D:6      | Noticed Pikel
  6965 | D:6      | Noticed Sigmund
  7064 | D:6      | Found an iron altar of Okawaru.
  7407 | D:6      | Found a shimmering blue altar of Sif Muna.
  7510 | D:4      | Killed a two-headed ogre
  7511 | D:4      | Reached skill level 8 in Axes
  7511 | D:4      | Reached XP level 9. HP: 69/69 MP: 11/11
  8026 | D:7      | Found Reylaego's General Store.
  8029 | D:7      | Bought a +0 cloak for 54 gold pieces
  8029 | D:7      | Bought a scroll of teleportation for 36 gold pieces
  8162 | D:7      | Found Ushryly's Weapon Emporium.
  8201 | D:7      | Reached skill level 9 in Axes
  8442 | D:7      | Found a staircase to the Ecumenical Temple.
  8458 | D:7      | Found a flagged portal.
  8510 | Bailey   | Entered a bailey
  8679 | Bailey   | HP: 2/69 [bullfrog (4)]
  8682 | Bailey   | Slain by a human

Illustrated notes

Levels and vault maps discovered:
D:1:      sevenhm_arrival_forest_fort_large_4, layout_basic,
          hellmonk_ecumenical_altar_heavens_door
D:2:      layout_basic, serial_curves, eino_curves_03, eino_curves_01,
          basic_altar, kennysheep_generic_room_12
D:3:      layout_basic, mainiacjoe_overflow_alcove_4,
          ebering_ghost_reflecting_pool, portal_sewer_entry_b, minivault_26
D:4:      layout_basic, minmay_manual_mandibuliform
D:5:      layout_gridville, mainiacjoe_overflow_big_doors,
          mainiacjoe_overflow_cross_hatched, uniq_eustachio, uniq_ijyb
D:6:      layout_loops_ring, led_sif_book, okawaru_gym_becter, serial_shops,
          nicolae_shop_statue_plus, uniq_sigmund, uniq_grinder, uniq_pikel
D:7:      layout_basic, minmay_temple_entry_glass, serial_shops,
          kennysheep_mini_moat, nicolae_shop_trees, shop,
          nicolae_shop_statue_plus, nicolae_shop_hallway_stairs, enter_bailey_1,
          uniq_menkaure
Bailey:   bailey_axe_froggy_fort_hellmonk, bailey

Skill      XL: |  1  2  3  4  5  6  7  8  9 |
---------------+----------------------------+-----
Fighting       | 3 4 5 6 |  6.0
Armour         | 2 3 |  3.0
Axes           | 1 2 5 8 9 |  9.8
Throwing       | |  2.4
Stealth        | |  1.0
Spellcasting   | |  1.3
Invocations    | |  1.0
Evocations     | |  1.0

Action                   |  1- 3 |  4- 6 |  7- 9 || total
-------------------------+-------+-------+-------++-------
Melee: Dagger            |   108 |   135 |    58 ||   301
       Punch             |       |     2 |     7 ||     9
       Broad axe         |       |       |   303 ||   303
Throw: Dart              |       |       |    13 ||    13
       Throwing net      |       |       |     2 ||     2
Invok: Potion Petition   |       |       |     1 ||     1
Evoke: Wand              |       |       |     1 ||     1
  Use: Scroll            |     3 |     4 |     2 ||     9
 Stab: Sleeping          |     1 |       |       ||     1
       Distracted        |       |       |     1 ||     1
Armor: Plate armour      |    71 |    79 |   334 ||   484
Dodge: Dodged            |    19 |    26 |   116 ||   161

Table legend: (Time is in decaauts)
 A = Elapsed time spent in this place.
 B = Non-inter-level travel time spent in this place.
 C = Inter-level travel time spent in this place.
 D = Time resting spent in this place.
 E = Time spent auto-exploring this place.
 F = Levels seen in this place.
 G = Mean time per level.
                   A        B        C        D        E       F      G
               +--------+--------+--------+--------+--------+-----+--------+
         Total |   8790 |   8383 |    407 |   2616 |   3587 |   9 |  976.7 |
       Dungeon |   8328 |   7921 |    407 |   2373 |   3503 |   7 | 1189.7 |
         Sewer |    284 |    284 |      0 |    129 |     84 |   1 |  284.0 |
        Bailey |    177 |    177 |      0 |    114 |      0 |   1 |  177.0 |
               +--------+--------+--------+--------+--------+-----+--------+

Top non-repeatable levels by time:
     D:5: 1648 daAuts
     D:4: 1616 daAuts
     D:6: 1435 daAuts
     D:1: 1165 daAuts
     D:3: 1101 daAuts
     D:2: 804 daAuts
     D:7: 557 daAuts
   Sewer: 284 daAuts
  Bailey: 177 daAuts
